 Dungeon Crawl Stone Soup version 0.20-a0-876-g2c7b0bf (webtiles) character file.

15225 Firecrotchwizard the Cleaver (level 11, -1/101 HPs)
             Began as a Minotaur Berserker on Mar 15, 2017.
             Was a High Priest of Trog.
             Slain by a komodo dragon (16 damage)
             ... on level 2 of the Lair of Beasts.
             The game lasted 00:29:07 (12102 turns).

Firecrotchwizard the Cleaver (Minotaur Berserker)  Turns: 12102, Time: 00:29:08

Health: -1/101     AC: 18    Str: 22    XL:     11   Next: 99%
Magic:  13/13      EV: 12    Int:  4    God:    Trog [*****.]
Gold:   642        SH:  0    Dex: 18    Spells: 10/10 levels left

rFire    . . .     SeeInvis .   M - +5 broad axe (venom)
rCold    . . .     Gourm    .   B - +0 plate armour {rPois}
rNeg     . . .     Faith    .   (no shield)
rPois    +         Spirit   .   (helmet restricted)
rElec    .         Reflect  .   Q - +1 cloak
rCorr    .         Harm     .   R - +0 pair of gloves
MR       .....                  (no boots)
Stlth    ..........             (no amulet)
Regen    0.3/turn               G - ring of flight
MPRegen  0.2/turn               K - +5 ring of dexterity

@: no status effects
A: retaliatory headbutt, horns 2
a: Berserk, Trog's Hand, Brothers in Arms, Burn Spellbooks, Renounce Religion,
Evoke Flight


You were on level 2 of the Lair of Beasts.
You worshipped Trog.
Trog was extremely pleased with you.
You were hungry.

You visited 2 branches of the dungeon, and saw 13 of its levels.

You collected 642 gold pieces.

Inventory:

Hand Weapons
 M - a +5 broad axe of venom (weapon)
Missiles
 j - 7 poisoned tomahawks (quivered)
 S - 3 javelins of returning
 W - 8 steel tomahawks
Armour
 B - a +0 plate armour of poison resistance (worn)
 Q - a +1 cloak (worn)
 R - a +0 pair of gloves (worn)
 U - +0 acid dragon scales
Jewellery
 G - a ring of flight (right hand)
 K - a +5 ring of dexterity (left hand)
Wands
 f - a wand of paralysis (12/24)
 s - a wand of acid (8/15)
 t - a wand of iceblast (6/15)
 u - a wand of flame (22/48)
 z - a wand of paralysis (7/24)
 C - a wand of lightning (6/15)
 D - a wand of digging (11/24)
 F - a wand of disintegration (4/24)
 L - a wand of confusion (16/48)
 V - a wand of lightning (6/15)
Scrolls
 a - a scroll of blinking
 g - 4 scrolls of identify
 v - 3 scrolls of teleportation
 J - 7 scrolls of remove curse
 O - a scroll of fog
Potions
 d - 3 potions of heal wounds
 e - 8 potions of curing
 h - 4 potions of might
 i - 3 potions of cancellation
 k - 4 potions of haste
 o - a potion of flight {unknown}
 x - 2 potions of lignification
 A - a potion of agility {unknown}
 E - 2 potions of magic {unknown}
 H - 2 potions of mutation {unknown}
 I - 3 potions of brilliance
 N - a potion of degeneration {unknown}
 Y - a potion of ambrosia {unknown}
Miscellaneous
 T - a phantom mirror
Comestibles
 c - 11 bread rations
 l - 8 fruits
 m - 9 royal jellies
 n - 10 meat rations


   Skills:
 + Level 10.8 Fighting
 * Level 14.3 Axes
 + Level 10.3 Armour
 + Level 9.4 Dodging
 + Level 4.2 Evocations


You had 10 spell levels left.
You didn't know any spells.

Dungeon Overview and Level Annotations

Branches:
Dungeon (11/15)            Temple (0/1) D:6            Lair (2/6) D:10
    Orc (0/2) D:10
  Swamp: Lair:2-4    Shoals: Lair:2-4     Snake: Lair:2-4    Spider: Lair:2-4

Altars:
Cheibriados
Elyvilon
Gozag
Kikubaaqudgha
Nemelex Xobeh
Okawaru
Ru
Uskayaw
Vehumet
Wu Jian
Xom
Yredelemnul
Zin

Shops:
D:5 *   D:7 (*   D:10 (

Annotations:
D:9 exclusion: oklob plant


Innate Abilities, Weirdness & Mutations

You reflexively headbutt those who attack you in melee.
You have a pair of horns on your head.


Message History

The komodo dragon bites you!!
You are too injured to fight recklessly!
You are too injured to fight recklessly!
You slash the komodo dragon!
The komodo dragon is poisoned.
Your headbutt misses the komodo dragon.
The komodo dragon is moderately wounded.
You slash the komodo dragon!
You kill the komodo dragon!
Trog accepts your kill. The komodo dragon barely misses you.
You closely miss the komodo dragon. You headbutt the komodo dragon.
The komodo dragon is moderately wounded.
The komodo dragon hisses menacingly.
The komodo dragon bites you!!
* * * LOW HITPOINT WARNING * * *
You are feeling hungry.
You slice the komodo dragon!!
The komodo dragon is almost dead.
The komodo dragon bites you!
You die...

#.........# #.........
#.........### ##......#.
#........#.# ##.......#
##..†......####.......##
#.....................#
#..........#####.#....#
##.........# ###....#
##.)....l...# #....##
.........@...# ##.....#
.............## #.....##
...#####P.....# ##.....#
..# ##....## #...... ..
##....## #....##
#......# ###....#.
#......# #.P....#.
##.....####......#.
#.................


You could see a komodo dragon.

Vanquished Creatures
  Erica (D:9)
  2 two-headed ogres
  An unseen horror (D:11)
  An ugly thing (D:11)
  A manticore (D:11)
  A black mamba (Lair:1)
  3 spiny frogs
  2 komodo dragons
  2 trolls
  A hornet (D:9)
  9 hippogriffs
  Sigmund (D:2)
  6 wraiths (D:10)
  5 yaks (Lair:1)
  4 hogs (D:7)
  A human (D:7)
  2 water moccasins
  2 porcupines (Lair:1)
  An acid dragon (D:11)
  5 orc warriors
  An ice beast (D:9)
  An eye of draining (D:9)
  2 phantoms (D:8)
  7 ogres
  5 wolves (Lair:1)
  5 centaurs
  3 crocodiles
  Blork the orc (D:4)
  3 bullfrogs
  A wyvern skeleton (D:9)
  5 scorpions
  6 killer bees (D:9)
  3 vampire bats (D:4)
  5 howler monkeys
  4 crimson imps
  2 quasits
  2 jellies (D:8)
  2 bullfrog skeletons
  2 hounds
  4 orc priests
  9 orc wizards
  An iguana (D:9)
  Ijyb (D:2)
  Natasha (thrice) (D:3)
  3 centaur skeletons
  9 worker ants
  A hound skeleton (D:4)
  2 gnolls
  10 adders
  3 shadow imps
  An ooze (D:5)
  2 adder zombies (D:6)
  An adder skeleton (D:8)
  2 worms
  7 dart slugs
  3 leopard geckos
  29 orcs
  3 bat skeletons (D:4)
  4 bat zombies (D:4)
  6 giant cockroaches
  7 hobgoblins
  15 jackals
  6 kobolds
  4 quokkas
  A ball python (D:1)
  9 bats
  2 frilled lizards (D:2)
  10 goblins
  A jackal skeleton (D:7)
  2 leopard gecko skeletons
  2 quokka skeletons
  6 rats
280 creatures vanquished.

Vanquished Creatures (others)
  A plant (Lair:2)
1 creature vanquished.

Grand Total: 281 creatures vanquished

Notes
Turn   | Place    | Note
-------+----------+-------------------------------------------
     0 | D:1      | Firecrotchwizard the Minotaur Berserker began the quest for the Orb.
     0 | D:1      | Reached XP level 1. HP: 19/19 MP: 0/0
   125 | D:1      | Reached skill level 4 in Axes
   125 | D:1      | Reached XP level 2. HP: 25/27 MP: 1/1
   302 | D:1      | Reached XP level 3. HP: 30/33 MP: 2/2
   362 | D:1      | Found a shimmering altar of Xom.
   707 | D:2      | Reached ** piety under Trog
  1038 | D:2      | Noticed Ijyb
  1051 | D:2      | Paralysed by Ijyb for 7 turns
  1066 | D:2      | Killed Ijyb
  1066 | D:2      | Reached XP level 4. HP: 41/41 MP: 3/3
  1329 | D:2      | Noticed Sigmund
  1336 | D:2      | Killed Sigmund
  1336 | D:2      | Reached skill level 5 in Fighting
  1336 | D:2      | Reached skill level 5 in Axes
  1336 | D:2      | Reached XP level 5. HP: 14/48 MP: 4/4
  1581 | D:2      | Reached XP level 6. HP: 44/56 MP: 5/5
  1947 | D:3      | Noticed Natasha
  1952 | D:3      | Killed Natasha
  1987 | D:3      | Noticed Natasha
  1996 | D:3      | Killed Natasha
  1996 | D:3      | Reached skill level 6 in Axes
  2151 | D:3      | Found an ornate altar of the Wu Jian Council.
  2326 | D:3      | Found a shimmering altar of Xom.
  2331 | D:3      | Found a snail-covered altar of Cheibriados.
  2338 | D:3      | Found a radiant altar of Vehumet.
  2474 | D:3      | Noticed Natasha
  2478 | D:3      | Killed Natasha
  3219 | D:4      | Noticed Blork the orc
  3238 | D:4      | Killed Blork the orc
  3238 | D:4      | Reached XP level 7. HP: 20/61 MP: 6/6
  3241 | D:4      | Reached *** piety under Trog
  3533 | D:4      | Found an ancient bone altar of Kikubaaqudgha.
  3536 | D:4      | Reached skill level 7 in Axes
  3538 | D:4      | Reached skill level 5 in Armour
  3546 | D:4      | Reached skill level 1 in Evocations
  3972 | D:5      | Entered Level 5 of the Dungeon
  4223 | D:5      | Found a sacrificial altar of Ru.
  4372 | D:5      | Found Usmap's Assorted Antiques.
  4463 | D:5      | Found a basalt altar of Yredelemnul.
  4611 | D:6      | Reached XP level 8. HP: 70/70 MP: 8/8
  4750 | D:6      | Reached skill level 8 in Axes
  4783 | D:6      | Reached skill level 5 in Dodging
  5555 | D:6      | Found a staircase to the Ecumenical Temple.
  5602 | D:6      | Found a white marble altar of Elyvilon.
  5962 | D:7      | Found Zin's Purification Station.
  5962 | D:7      | Found a glowing silver altar of Zin.
  5975 | D:7      | Found a shimmering altar of Xom.
  5984 | D:7      | Received a gift from Trog
  6303 | D:7      | Reached skill level 9 in Axes
  6307 | D:7      | Reached XP level 9. HP: 53/79 MP: 10/10
  6597 | D:7      | Found Amuahib's Weapon Shop.
  6757 | D:7      | Reached skill level 10 in Axes
  6851 | D:7      | Found an iron altar of Okawaru.
  7476 | D:8      | Reached **** piety under Trog
  7970 | D:8      | Reached XP level 10. HP: 47/88 MP: 12/12
  7979 | D:8      | Reached skill level 11 in Axes
  8270 | D:8      | Found a sparkling altar of Nemelex Xobeh.
  8464 | D:9      | Noticed Erica
  8466 | D:9      | Found a snail-covered altar of Cheibriados.
  8467 | D:9      | Noticed an oklob plant
  8480 | D:9      | Killed Erica
  8679 | D:9      | Reached skill level 12 in Axes
  8709 | D:9      | Found an opulent altar of Gozag.
  8709 | D:9      | Found a hide-covered altar of Uskayaw.
  9041 | D:9      | Received a gift from Trog
  9050 | D:10     | Entered Level 10 of the Dungeon
  9319 | D:10     | Found Dasuh's Antique Weapon Shop.
  9341 | D:10     | Reached XP level 11. HP: 85/97 MP: 13/13
  9575 | D:10     | Found a staircase to the Orcish Mines.
  9607 | D:10     | Found a staircase to the Lair.
  9617 | D:10     | Noticed a two-headed ogre
  9630 | D:10     | Killed a two-headed ogre
  9950 | D:11     | Reached skill level 13 in Axes
  9963 | D:11     | Killed an unseen horror
  9963 | D:11     | Reached skill level 10 in Fighting
 10134 | D:11     | Noticed a two-headed ogre
 10148 | D:11     | Reached ***** piety under Trog
 10155 | D:11     | Killed a two-headed ogre
 10161 | D:11     | Noticed a brown ugly thing
 10168 | D:11     | Killed a brown ugly thing
 10383 | Lair:1   | Entered Level 1 of the Lair of Beasts
 10953 | Lair:1   | Reached skill level 10 in Armour
 11223 | Lair:1   | Reached skill level 14 in Axes
 11411 | Lair:1   | Received a gift from Trog
 12102 | Lair:2   | Slain by a komodo dragon

Vault maps used:
D:1:      lemuel_arrival_lava_pool, xom_teletrap_fun
D:2:      first_bread, minmay_misc_feat_enclosed, kennysheep_generic_room_13,
          uniq_iyjb, uniq_sigmund
D:3:      lemuel_coloured_pillars_altar, minmay_overflow_temple_star_quad,
          uniq_natasha
D:4:      kennysheep_vampire_church, roderic_st_hans_cross, uniq_blork_the_orc
D:5:      kennysheep_mini_moat, nicolae_ru_path_of_blood, serial_shops,
          nicolae_shop_waterfront, fountainhead, amethyst_killhole,
          roderic_roman_lattice
D:6:      lemuel_doored_altar, temple_green
D:7:      okawaru_altar_gauntlet_db, zin_purify, basic_altar, serial_shops,
          shop, grunt_livestock
D:8:      nicolae_overflow_crystal_walls
D:9:      gammafunk_temple_overflow_wave, corexii_corridor_pit,
          lemuel_oklob_altar, uniq_erica
D:10:     lair_entry_dummy, orc_0_dummy, serial_shops, shop,
          minmay_guarded_unrand_finisher
D:11:     serial_shops, shop, nicolae_tso_swordbearing_angel
Lair:1:   st_stairs_7, minivault_19, grunt_megastairs_3, lemuel_fruit_fields
Lair:2:   wad_woods_road_01

Skill      XL: |  1  2  3  4  5  6  7  8  9 10 11 |
---------------+----------------------------------+-----
Axes           | 4 5 6 7 9 10 12 14 | 14.3
Armour         | 3 4 5 6 7 9 10 | 10.3
Fighting       | 4 5 6 7 8 9 10 | 10.8
Dodging        | 3 4 5 6 8 9 |  9.4
Evocations     | 1 3 4 |  4.2

Action                   |  1- 3 |  4- 6 |  7- 9 | 10-12 || total
-------------------------+-------+-------+-------+-------++-------
Melee: Hand axe          |    53 |   121 |    17 |       ||   191
       Headbutt          |     5 |    21 |    54 |    75 ||   155
       Broad axe         |       |       |   264 |   255 ||   519
Throw: Tomahawk          |       |       |     5 |     1 ||     6
Invok: Trog's Hand       |     1 |     4 |     3 |     2 ||    10
       Berserk           |       |     1 |       |     1 ||     2
       Burn Spellbooks   |       |     1 |       |     3 ||     4
Evoke: Wand              |       |       |       |     7 ||     7
  Use: Scroll            |       |     6 |    10 |     7 ||    23
       Potion            |       |       |       |     1 ||     1
  Eat: Chunk             |       |     9 |    15 |    14 ||    38
       Fruit             |       |       |     2 |     1 ||     3
Armor: Animal skin       |    10 |     6 |       |       ||    16
       Chain mail        |       |    20 |    28 |       ||    48
       Plate armour      |       |       |   175 |   180 ||   355
Dodge: Dodged            |    40 |    74 |   162 |   164 ||   440
